 Dungeon Crawl Stone Soup version 0.17-b1-36-g7b1967c (webtiles) character file.

10747 xeno23 the Nimble (level 11, -9/68 HPs)
             Began as a Deep Elf Fire Elementalist on Nov 6, 2015.
             Was a Believer of Vehumet.
             Killed from afar by fotsohgehT's ghost (25 damage)
             ... with a poison arrow
             ... on level 1 of the Lair of Beasts.
             The game lasted 01:14:52 (9792 turns).

xeno23 the Nimble (Deep Elf Fire Elementalist)      Turns: 9792, Time: 01:14:53

Health: -9/68      AC: 12    Str:  5    XL:     11   Next: 40%
Magic:  5/26       EV: 19    Int: 24    God:    Vehumet [**....]
Gold:   536        SH:  0    Dex: 15    Spells: 4 memorised, 15 levels left

rFire  + . .     SeeInvis .     H - +1 whip "Ruiwn" {venom, MR+ Int+2}
rCold  x . .     Clarity  .     C - +0 steam dragon armour
rNeg   . . .     SustAt   .     (no shield)
rPois  .         Gourm    .     r - +1 hat
rElec  .         Spirit   .     u - +1 cloak
rCorr  .         Warding  .     y - +0 pair of gloves
rMut   .         Stasis   .     e - +0 pair of boots
MR     ++...                    (no amulet)
Stlth  +++.......               O - ring of fire
                                j - +2 ring of protection

@: lethally poisoned (-9 -> -25), very resistant to hostile enchantments, fairly
stealthy
A: camouflage 1, dopey 1
a: Renounce Religion


You were on level 1 of the Lair of Beasts.
You worshipped Vehumet.
Vehumet was pleased with you.
You were near starving.

You visited 3 branches of the dungeon, and saw 13 of its levels.

You collected 685 gold pieces.
You spent 149 gold pieces at shops.

Inventory:

Hand Weapons
 g - a +0 blowgun
 x - a +1 trident
 H - the +1 whip "Ruiwn" (weapon) {venom, MR+ Int+2}
   (You found it on level 6 of the Dungeon)

   It poisons the flesh of those it strikes.
   It affects your intelligence (+2).
   It affects your resistance to hostile enchantments.
Missiles
 f - 38 poisoned needles
 w - 3 throwing nets (quivered)
Armour
 e - a +0 pair of boots (worn)
 r - a +1 hat (worn)
 u - a +1 cloak (worn)
 y - a +0 pair of gloves (worn)
 C - a +0 steam dragon armour (worn)
 E - the +5 ring mail of the Ten Songs {+Blink Stlth+}
   (You found it on level 6 of the Dungeon)

   It lets you blink.
   It makes you more stealthy.
 J - the +2 leather armour of the Three Beggars {+Fly rPois Str+3 Int-2}
   (You found it on level 7 of the Dungeon)

   It affects your strength (+3).
   It affects your intelligence (-2).
   It protects you from poison.
   It lets you fly.
 U - a troll hide
Rods
 Z - a -3 rod of inaccuracy (11/11)
   (You found it on level 9 of the Dungeon)
Jewellery
 j - a +2 ring of protection (left hand)
 k - an uncursed ring of wizardry
 t - an uncursed ring of sustain attributes
 O - a ring of fire (right hand)
Wands
 q - a wand of frost (14)
 v - a wand of disintegration (7)
 G - a wand of enslavement (10)
 I - a wand of lightning (10)
 L - a wand of fire (3)
 P - a wand of polymorph (4)
 R - a wand of confusion (22)
Scrolls
 h - a scroll of recharging
 n - 6 scrolls of teleportation
 D - a scroll of remove curse
 F - a scroll of magic mapping
 K - a scroll of identify
 Q - a scroll of enchant armour
 Y - a scroll of enchant weapon
Potions
 a - a potion of resistance
 d - 4 potions of agility
 i - 5 potions of curing
 l - 3 potions of heal wounds
 o - 4 potions of might
 s - 3 potions of haste
 B - 2 potions of poison {unknown}
 M - a potion of ambrosia {unknown}
 W - a potion of flight {unknown}
Books
 b - a book of Flames

   Spells                             Type                      Level
   a - Flame Tongue                   Conjuration/Fire             1
   b - Throw Flame                    Conjuration/Fire             2
   c - Conjure Flame                  Conjuration/Fire             3
   d - Inner Flame                    Hexes/Fire                   3
   e - Sticky Flame                   Conjuration/Fire             4
   f - Fireball                       Conjuration/Fire             5
 A - a book of Unlife

   Spells                             Type                      Level
   a - Recall                         Summoning/Translocation      3
   b - Animate Dead                   Necromancy                   4
   c - Control Undead                 Necromancy                   4
   d - Cigotuvi's Embrace             Necromancy                   5
   e - Death Channel                  Necromancy                   6
   f - Simulacrum                     Ice/Necromancy               6
 V - a book of Dreams

   Spells                             Type                      Level
   a - Ensorcelled Hibernation        Hexes/Ice                    2
   b - Phase Shift                    Translocation                5
   c - Shadow Creatures               Summoning                    5
   d - Silence                        Hexes/Air                    5
   e - Darkness                       Hexes                        6
   f - Mass Confusion                 Hexes                        6
Comestibles
 c - 10 bread rations
 m - 8 meat rations
 z - 9 beef jerkies
 N - 3 fruits


   Skills:
 - Level 8.0 Fighting
 + Level 11.0 Dodging
 - Level 2.4 Stealth
 - Level 9.0 Spellcasting
 + Level 6.2 Conjurations
 + Level 10.5 Fire Magic


You had 15 spell levels left.
You knew the following spells:

 Your Spells              Type           Power        Failure   Level  Hunger
a - Flame Tongue          Conj/Fire      #####        1%          1    None
d - Conjure Flame         Conj/Fire      ######..     1%          3    None
q - Fireball              Conj/Fire      ######....   6%          5    ####...
s - Sticky Flame          Conj/Fire      ######..     1%          4    ##.....


Dungeon Overview and Level Annotations

Branches:
Dungeon (11/15)            Temple (1/1) D:7            Lair (1/8) D:10
    Orc: D:9-12

Altars:
Ashenzari
Cheibriados
Dithmenos
Elyvilon
Fedhas
Gozag
Kikubaaqudgha
Makhleb
Nemelex Xobeh
Okawaru
Qazlal
Ru
Sif Muna
Trog
Vehumet
Xom
Yredelemnul
Zin
The Shining One

Shops:
D:4 (***

Portals:
Trove: D:10 (give 2 scrolls of acquirement)

Annotations:
Lair:1 fotsohgehT's ghost, journeyman DEIE


Innate Abilities, Weirdness & Mutations

Your skin changes colour to match your surroundings (Stealth).
You are dopey. (Int -2)


Message History

Press: ? - help, v - describe, . - travel
Here: fotsohgehT's ghost, wielding a weapon of electrocution The floor.
The polar bear burns!
You kill the river rat!
Vehumet accepts your kill.
You feel your power returning.
The polar bear bites you but does no damage.
The polar bear claws you but does no damage.
The polar bear misses you.
You barely miss the polar bear.
The polar bear is almost dead.
The polar bear burns!
The polar bear stops burning.
The polar bear completely misses you.
The polar bear claws you but does no damage.
The polar bear completely misses you.
FotsohgehT's ghost casts a spell at you.
The poison arrow hits you!
You are lethally poisoned!
You die...

.##...##......####
########..#......###
#...#..#...#.## #
#....#........### ## .#
##...#........#.###.##.#
#######..#.........#...##..(####
.##.#..####.............##<....##
####...##......rhr.......[......#
...............r@....).........##
r..........#.......#...........#
...............##.#..W..........#
...........>..###...##.........##
.............# .......#P.......P
............. .#..........).#.P
.#....#...##. . .#...........##
..........# ..#..


You could see a polar bear (berserk), fotsohgehT's ghost and 3 river rats.

Vanquished Creatures
  Pikel (D:4)
  2 cyclopes
  The ghost of Britaniac the Transmogrifier, a novice NaTm (D:7)
  An ugly thing (D:11)
  A spiny frog (Lair:1)
  A fire drake (Lair:1)
  A guardian mummy (D:10)
  A komodo dragon (Lair:1)
  2 trolls
  A two-headed ogre (D:8)
  10 yaks
  A steam dragon (D:5)
  A hippogriff (D:8)
  Edmund (D:4)
  4 ice beasts
  4 slaves (D:4)
  3 water moccasins
  2 wasps
  5 orc warriors
  A sky beast (D:10)
  An eye of draining (D:10)
  A phantom (D:8)
  6 ogres
  6 centaurs
  2 big kobolds
  6 giant frogs
  A wyvern zombie (D:3)
  2 scorpions (D:10)
  A killer bee (D:10)
  9 wights
  2 centaur zombies
  5 crimson imps
  A giant frog zombie (D:9)
  4 jellies
  2 giant frog skeletons (D:8)
  5 hounds
  9 orc wizards
  Crazy Yiuf (D:2)
  6 orc priests
  A centaur skeleton (D:10)
  An iron imp (D:5)
  4 worker ants
  A killer bee zombie (D:10)
  2 hound skeletons
  14 adders
  8 gnolls
  4 river rats (Lair:1)
  2 shadow imps
  An adder skeleton (D:6)
  An adder zombie (D:6)
  4 worms
  2 giant geckos
  28 orcs
  6 giant cockroaches
  4 goblins
  10 hobgoblins
  3 jackals (D:5)
  14 kobolds
  6 quokkas
  A ball python (D:4)
  9 bats
  5 giant newts
  A jackal zombie (D:6)
  9 rats
  A fungus (D:5)
256 creatures vanquished.

Notes
Turn   | Place    | Note
--------------------------------------------------------------
     0 | D:1      | xeno23 the Deep Elf Fire Elementalist began the quest for the Orb.
     0 | D:1      | Reached XP level 1. HP: 10/10 MP: 6/6
   288 | D:1      | Reached XP level 2. HP: 15/15 MP: 6/8
   683 | D:1      | Reached skill level 4 in Fire Magic
   841 | D:2      | Reached XP level 3. HP: 13/19 MP: 5/9
   855 | D:2      | Learned a level 3 spell: Conjure Flame
  1584 | D:2      | Noticed Crazy Yiuf
  1589 | D:2      | Killed Crazy Yiuf
  1589 | D:2      | Reached XP level 4. HP: 24/24 MP: 6/10
  1626 | D:2      | Learned a level 4 spell: Sticky Flame
  1676 | D:3      | Reached skill level 5 in Fire Magic
  2105 | D:3      | Found a bloodstained altar of Trog.
  2229 | D:3      | Reached XP level 5. HP: 22/28 MP: 10/12
  2456 | D:3      | Reached skill level 5 in Spellcasting
  2635 | D:4      | Learned a level 5 spell: Fireball
  2660 | D:4      | Found Ettabora's Assorted Antiques.
  2660 | D:4      | Noticed an ogre
  2663 | D:4      | Noticed a slave
  2663 | D:4      | Noticed a slave
  2670 | D:4      | Noticed Pikel
  2683 | D:4      | Killed a slave
  2685 | D:4      | Killed an ogre
  2685 | D:4      | Reached XP level 6. HP: 27/32 MP: 2/16
  2711 | D:4      | Noticed a slave
  2717 | D:4      | Killed a slave
  2745 | D:4      | Bought a black potion for 19 gold pieces
  2745 | D:4      | Bought a black potion for 19 gold pieces
  2745 | D:4      | Bought a scroll labeled VITRENA IVAST for 22 gold pieces
  2745 | D:4      | Bought a scroll labeled MIMNEU HULOCK for 22 gold pieces
  2755 | D:4      | Noticed Edmund
  2766 | D:4      | Killed Edmund
  2766 | D:4      | Reached skill level 6 in Fire Magic
  2812 | D:4      | Found Girraf's Assorted Antiques.
  3046 | D:4      | Found Ijeot's Weapon Shoppe.
  3050 | D:4      | Found Cokasharr's General Store.
  3053 | D:4      | Bought a +0 blowgun for 27 gold pieces
  3057 | D:4      | Bought 2 scrolls of identify for 40 gold pieces
  3064 | D:4      | Noticed a slave
  3069 | D:4      | Killed a slave
  3077 | D:4      | Killed a slave
  3088 | D:4      | Killed Pikel
  3088 | D:4      | Reached skill level 5 in Conjurations
  3088 | D:4      | Reached skill level 7 in Fire Magic
  3088 | D:4      | Reached XP level 7. HP: 14/36 MP: 0/17
  3237 | D:4      | Reached skill level 8 in Fire Magic
  3280 | D:4      | Reached XP level 8. HP: 17/41 MP: 12/18
  3514 | D:4      | Noticed an ogre
  3520 | D:4      | Killed an ogre
  3520 | D:4      | Reached skill level 1 in Fighting
  3767 | D:5      | Entered Level 5 of the Dungeon
  3867 | D:5      | Found a stormy altar of Qazlal.
  3869 | D:5      | Found a blossoming altar of Fedhas.
  3919 | D:5      | Found a basalt altar of Yredelemnul.
  4131 | D:5      | Found a white marble altar of Elyvilon.
  4544 | D:5      | Found a snail-covered altar of Cheibriados.
  4911 | D:6      | Reached skill level 5 in Dodging
  5011 | D:5      | Reached XP level 9. HP: 53/53 MP: 1/19
  5134 | D:6      | Reached skill level 5 in Fighting
  5275 | D:6      | Got a translucent ring mail
  5663 | D:6      | Got a warped whip
  5732 | D:7      | Identified the cursed +1 whip "Ruiwn" {venom, MR+ Int+2} (You found it on level 6 of the Dungeon)
  5754 | D:7      | Identified the +5 ring mail of the Ten Songs {+Blink Stlth+} (You found it on level 6 of the Dungeon)
  5874 | D:7      | Found a staircase to the Ecumenical Temple.
  6041 | D:7      | Found an iron altar of Okawaru.
  6090 | D:7      | Noticed Britaniac's ghost (novice NaTm)
  6147 | D:7      | Killed Britaniac's ghost
  6367 | D:7      | Got a faintly humming leather armour
  6378 | D:7      | Identified the +2 leather armour of the Three Beggars {+Fly rPois Str+3 Int-2} (You found it on level 7 of the Dungeon)
  6463 | D:7      | Found an opulent altar of Gozag.
  6601 | Temple   | Entered the Ecumenical Temple
  6855 | Temple   | Became a worshipper of Vehumet
  7106 | D:8      | Found a shattered altar of Ashenzari.
  7488 | D:8      | Reached XP level 10. HP: 43/63 MP: 15/20
  7665 | D:8      | Found a burning altar of Makhleb.
  7665 | D:8      | Found a shimmering altar of Xom.
  8168 | D:9      | Reached * piety under Vehumet
  8168 | D:9      | Offered knowledge of Sandblast by Vehumet.
  8234 | D:10     | Entered Level 10 of the Dungeon
  8306 | D:10     | Gained mutation: You are clumsy. (Dex -2) [mutagenic meat]
  8373 | D:10     | Found a portal to a secret trove of treasure.
  8387 | D:10     | Reached skill level 9 in Dodging
  8431 | D:10     | You fall through a shaft!
  8440 | D:11     | Noticed a cyclops
  8444 | D:11     | Noticed a green ugly thing
  8445 | D:11     | Killed a cyclops
  8456 | D:11     | Killed a green ugly thing
  8648 | D:11     | Gained mutation: Your skin changes colour to match your surroundings (Stealth). [mutagenic meat]
  8649 | D:11     | Lost mutation: You are clumsy. (Dex -2) [mutagenic meat]
  8672 | D:11     | Gained mutation: You are dopey. (Int -2) [mutagenic meat]
  8958 | D:10     | Noticed a cyclops
  8961 | D:10     | Killed a cyclops
  8997 | D:10     | Reached skill level 10 in Dodging
  9172 | D:10     | Reached ** piety under Vehumet
  9172 | D:10     | Reached XP level 11. HP: 56/68 MP: 20/25
  9194 | D:10     | Offered knowledge of Magic Dart by Vehumet.
  9442 | D:10     | Reached skill level 10 in Fire Magic
  9547 | D:10     | Found a staircase to the Lair.
  9594 | Lair:1   | Entered Level 1 of the Lair of Beasts
  9669 | Lair:1   | Offered knowledge of Stone Arrow by Vehumet.
  9750 | Lair:1   | Reached skill level 11 in Dodging
  9790 | Lair:1   | Noticed fotsohgehT's ghost (journeyman DEIE)
  9792 | Lair:1   | Killed from afar by fotsohgehT's ghost

Action                   |  1- 3 |  4- 6 |  7- 9 | 10-12 || total
-------------------------+-------+-------+-------+-------++-------
Melee: Unarmed           |    21 |       |       |       ||    21
       Dagger            |    59 |   100 |    89 |       ||   248
       Whip              |       |       |   129 |   214 ||   343
       Trident           |       |       |    40 |       ||    40
 Cast: Flame Tongue      |    34 |    45 |    60 |    35 ||   174
       Sticky Flame      |       |    10 |    39 |    31 ||    80
       Conjure Flame     |       |     1 |     3 |       ||     4
       Fireball          |       |       |     2 |    24 ||    26
Evoke: Wand              |       |     2 |     2 |       ||     4
  Use: Scroll            |       |     9 |    11 |     5 ||    25
       Potion            |       |       |       |     1 ||     1
 Stab: Sleeping          |     7 |     7 |     6 |     6 ||    26
  Eat: Chunk             |     1 |     7 |    15 |    17 ||    40
       Meat ration       |       |       |     1 |       ||     1
